 Dungeon Crawl Stone Soup version 0.31-a0-1127-ge7b2bbabab (webtiles) character file.

Game seed: 2677046597851664530

6292 MacCMillion the Cleaver (level 10, -4/86 HPs)
             Began as a Ghoul Fighter on Dec 5, 2023.
             Was a Follower of Qazlal.
             Slain by a two-headed ogre
             ... wielding a +0 giant club
              (8 damage)
             ... on level 10 of the Dungeon.
             The game lasted 00:19:49 (15221 turns).

MacCMillion the Cleaver (Ghoul Fighter)            Turns: 15221, Time: 00:19:49

Health: -4/86      AC: 19    Str: 25    XL:     10   Next: 94%
Magic:  13/13      EV:  6    Int:  7    God:    Qazlal [*.....]
Gold:   506        SH:  5    Dex:  8    Spells: 9/9 levels left

rFire   . . .        a - +0 war axe
rCold   + . .        c - +0 buckler
rNeg    + + +        B - +0 plate armour
rPois   ∞            (no helmet)
rElec   .            H - +2 cloak
rCorr   .            i - +2 pair of gloves
SInv    .            (no boots)
Will    .....        o - amulet of the acrobat Stlth
                     (no ring)
HPRegen 0.00/turn    (no ring)
MPRegen 0.13/turn

%: acrobat
@: inhibited regen
A: claws 1, cold resistance 1, negative energy resistance 3, inhibited
regeneration, torment resistance 2, devour on kill
a: Renounce Religion


You were on level 10 of the Dungeon.
You worshipped Qazlal.
Qazlal was aware of your devotion.
You visited 2 branches of the dungeon, and saw 11 of its levels.

You collected 506 gold pieces.

Inventory:

Hand Weapons
 a - a +0 war axe (weapon)
Missiles
 e - 22 poisoned darts (quivered)
 h - 10 atropa-tipped darts
 E - 2 datura-tipped darts
 F - 4 boomerangs
Armour
 c - a +0 buckler (worn)
 i - a +2 pair of gloves (worn)
 B - a +0 plate armour (worn)
 D - the +4 scale mail "Qojorph" {rC+ Stlth+}
   (You found it on level 6 of the Dungeon)

   rC+:       It protects you from cold.
   Stlth+:    It makes you more stealthy.
 H - a +2 cloak (worn)
Jewellery
 o - an amulet of the acrobat (around neck)
Wands
 d - a wand of roots (10)
 u - a wand of polymorph (17)
 w - a wand of paralysis (10)
 x - a wand of flame (43)
Scrolls
 b - a scroll of blinking
 g - 2 scrolls of vulnerability {unknown}
 k - a scroll of revelation
 l - 2 scrolls of teleportation
 n - a scroll of enchant armour {unknown}
 p - 3 scrolls of amnesia {unknown}
 t - a scroll of poison {unknown}
 v - a scroll of brand weapon {unknown}
 y - 2 scrolls of noise {unknown}
 G - 2 scrolls of enchant weapon {unknown}
Potions
 f - a potion of degeneration
 j - 3 potions of enlightenment
 m - a potion of mutation
 q - 2 potions of berserk rage
 r - a potion of curing
 s - 3 potions of brilliance {unknown}
 z - 2 potions of ambrosia
 A - 3 potions of lignification
 C - a potion of invisibility {unknown}


   Skills:
 + Level 7.3 Fighting
 + Level 11.3 Axes
 + Level 6.1 Armour
 - Level 4.0 Shields
 + Level 6.1 Invocations


You had 9 spell levels left.
You didn't know any spells.
Your spell library contained the following spells:

 Spells                   Type           Power      Damage    Failure   Level
 Necrotise                Necr           0%         1d4       100%        1
 Summon Small Mammal      Summ           0%         N/A       100%        1
 Call Canine Familiar     Summ           0%         N/A       100%        3
 Summon Guardian Golem    Hex/Summ       0%         N/A       100%        3
 Tukima's Dance           Hex            0%         N/A       100%        3
 Vampiric Draining        Necr           0%         2d6       100%        3
 Animate Armour           Summ/Erth      0%         N/A       100%        4
 Dimensional Bullseye     Hex/Tloc       0%         N/A       100%        4
 Iskenderun's Mystic Bla  Conj/Tloc      0%         2d3       100%        4
 Summon Lightning Spire   Summ/Air       0%         N/A       100%        4
 Agony                    Necr           0%         N/A       100%        5
 Lee's Rapid Deconstruct  Erth           0%         3d4*      100%        5
 Summon Forest            Summ/Tloc      0%         N/A       100%        5
 Eringya's Noxious Bog    Tmut/Pois      0%         4d6       100%        6
 Summon Hydra             Summ           0%         N/A       100%        7


Dungeon Overview and Level Annotations

Branches:
Dungeon (10/15)            Temple (1/1) D:7
   Lair: D:8-11         Orc: D:9-12

Altars:
Ashenzari
Cheibriados
Dithmenos
Fedhas
Gozag
Hepliaklqana
Kikubaaqudgha
Makhleb
Nemelex Xobeh
Okawaru
Qazlal
Ru
Sif Muna
Trog
Uskayaw
Vehumet
Wu Jian
Xom
Yredelemnul

Annotations:
D:8 2 transporters
D:9 Harold


Innate Abilities, Weirdness & Mutations

You are immune to poison.
You have sharp fingernails.
Your flesh is cold resistant. (rC+)
You are immune to negative energy. (rN+++)
You do not regenerate when monsters are visible.
You are immune to unholy pain and torment.
You thrive by killing the living.


Message History

You hit the two-headed ogre.
The two-headed ogre is moderately wounded.
You closely miss the two-headed ogre.
The two-headed ogre is moderately wounded.
The two-headed ogre hits you with a +0 giant club!
You block the two-headed ogre's attack.
You slash the two-headed ogre!
The two-headed ogre is heavily wounded.
The two-headed ogre barely misses you.
The two-headed ogre hits you with a +0 giant club!
You closely miss the two-headed ogre.
The two-headed ogre is heavily wounded.
You barely miss the two-headed ogre.
The two-headed ogre is heavily wounded.
The two-headed ogre hits you with a +0 giant club.
The two-headed ogre hits you with a +0 giant club!
You slash the two-headed ogre!
The two-headed ogre is severely wounded.
The two-headed ogre hits you with a +0 giant club!!
* * * LOW HITPOINT WARNING * * *
The two-headed ogre barely misses you.
You hit the two-headed ogre.
The two-headed ogre is severely wounded.
Aiming: Paralyse
Press: ? - help, Shift-Dir - straight line, f - two-headed ogre
Aim: a two-headed ogre, wielding two +0 giant clubs (severely wounded, chance to affect: 31%)
The two-headed ogre easily resists.
The two-headed ogre hits you with a +0 giant club!
* * * LOW HITPOINT WARNING * * *
The two-headed ogre hits you but does no damage.
Cleave: a) +0 war axe
Press: ? - help, Dir - move target, f/p - two-headed ogre
Aim: a two-headed ogre, wielding two +0 giant clubs (severely wounded, about 24% to evade your +0 war axe)
Okay, then.
Aiming: Paralyse
Press: ? - help, Shift-Dir - straight line, f/p - two-headed ogre
Aim: a two-headed ogre, wielding two +0 giant clubs (severely wounded, chance to affect: 31%)
The two-headed ogre easily resists.
The two-headed ogre barely misses you.
The two-headed ogre hits you with a +0 giant club!
You die...

#.$....
#.......#
#......
#.......#
#......
#.......#
#......
#.......#
#......
#.......####
#......
#.#..........
#......
#.........#
#...<..
#....O@..#
#.)....
......○...#
#.).$##
..[.<.#####
#..!....#
###...
...##....#
### ## #....#
.....#
#...$.#
......#
.......#


You could see a two-headed ogre.

Vanquished Creatures
  A centaur warrior (D:8)
  A polar bear (D:8)
  3 wyverns
  Grum (D:9)
  12 yaks
  2 steam dragons
  An orc warrior (D:6)
  3 ice beasts
  An ogre (D:6)
  2 black bears
  3 wolves (D:8)
  3 centaurs
  3 phantoms
  2 kobold brigands
  4 bullfrogs
  5 scorpions
  4 wights
  A howler monkey (D:8)
  A jelly (D:7)
  A hound (D:5)
  3 orc priests
  Ijyb (D:4)
  An iguana (D:4)
  6 orc wizards
  10 adders
  3 gnolls (D:5)
  A white imp (D:7)
  6 ufetubi
  2 worms
  A dart slug (D:2)
  28 orcs
  9 endoplasms
  3 giant cockroaches
  4 goblins
  8 hobgoblins
  4 jackals (D:4)
  17 kobolds
  4 quokkas
  15 ball pythons
  7 bats
  2 frilled lizards (D:1)
  4 rats
193 creatures vanquished.

Notes
Turn   | Place    | Note
-------+----------+-------------------------------------------
     0 | D:1      | MacCMillion the Ghoul Fighter began the quest for the Orb.
     0 | D:1      | Reached XP level 1. HP: 19/19 MP: 0/0
   189 | D:1      | Reached skill level 2 in Axes
   258 | D:1      | Reached XP level 2. HP: 26/26 MP: 1/1
   592 | D:1      | Reached XP level 3. HP: 29/31 MP: 2/2
  1355 | D:2      | Reached XP level 4. HP: 38/38 MP: 3/3
  1365 | D:2      | Reached skill level 3 in Axes
  2187 | D:3      | Reached XP level 5. HP: 27/45 MP: 4/4
  2974 | D:4      | Reached skill level 4 in Axes
  2992 | D:4      | Found a blossoming altar of Fedhas.
  3321 | D:4      | Noticed Ijyb
  3334 | D:4      | Killed Ijyb
  3594 | D:4      | Reached skill level 5 in Axes
  3594 | D:4      | Reached XP level 6. HP: 28/51 MP: 5/5
  3921 | D:4      | Identified the +8 spear of Action {flame, SInv}
  3929 | D:4      | Paralysed by a kobold for 4 turns
  4397 | D:5      | Entered Level 5 of the Dungeon
  4755 | D:5      | Reached skill level 6 in Axes
  4755 | D:5      | Reached XP level 7. HP: 35/57 MP: 6/6
  4977 | D:5      | Reached skill level 7 in Axes
  5561 | D:6      | Reached XP level 8. HP: 61/63 MP: 7/7
  5630 | D:6      | Reached skill level 8 in Axes
  6296 | D:6      | Reached skill level 9 in Axes
  6370 | D:6      | Found a radiant altar of Vehumet.
  6476 | D:6      | Identified the +4 scale mail "Qojorph" {rC+ Stlth+}
  6973 | D:7      | Found a staircase to the Ecumenical Temple.
  7098 | D:6      | Reached XP level 9. HP: 62/70 MP: 8/8
  7110 | D:6      | Reached skill level 10 in Axes
  7279 | Temple   | Entered the Ecumenical Temple
  7349 | Temple   | Became a worshipper of Qazlal Stormbringer
  7656 | D:7      | Reached skill level 1 in Invocations
  8715 | D:8      | HP: 2/72 [wyvern (5)]
  9346 | D:8      | Found a transporter.
  9501 | D:8      | Found a transporter.
  9522 | D:8      | Reached skill level 5 in Fighting
  9522 | D:8      | Noticed Maurice
  9526 | D:8      | Maurice stole 2 datura-tipped darts
  9527 | D:8      | Maurice stole 324 gold
  9529 | D:8      | Maurice stole 114 gold
  9828 | D:8      | Noticed a centaur warrior
  9854 | D:8      | Killed a centaur warrior
  9855 | D:8      | Reached XP level 10. HP: 50/83 MP: 10/12
 10423 | D:8      | Reached skill level 5 in Armour
 10663 | D:9      | Reached skill level 5 in Invocations
 10735 | D:9      | Noticed Grum
 10753 | D:8      | Reached * piety under Qazlal
 10760 | D:8      | Reached skill level 11 in Axes
 11164 | D:9      | Killed Grum
 11220 | D:9      | Found a burning altar of Makhleb.
 11229 | D:9      | Noticed an Executioner
 13790 | D:9      | Found a burning altar of Makhleb.
 13918 | D:10     | Entered Level 10 of the Dungeon
 13926 | D:10     | Noticed Harold
 14119 | D:10     | Noticed a two-headed ogre
 14165 | D:8      | Maurice stole 55 gold
 15176 | D:8      | Maurice changed into Maurice the polar bear
 15176 | D:8      | Noticed Maurice
 15185 | D:8      | Killed Maurice the polar bear
 15210 | D:10     | Noticed a two-headed ogre
 15220 | D:10     | HP: 4/86 [two-headed ogre/+0 giant club (13)]
 15221 | D:10     | Slain by a two-headed ogre

Illustrated notes

Levels and vault maps discovered:
D:1:      dpeg_arrival_rhombi, layout_loops_corners, minmay_tromino_mix6
D:2:      layout_basic, dreamdust_princess_bridge, minmay_misc_feat_roman
D:3:      layout_basic
D:4:      layout_loops_corners, fedhas_altar_3, uniq_ijyb
D:5:      layout_basic
D:6:      layout_cave_pods, minitemple, corexii_shack, minmay_misc_feat_x,
          chequers_serial_rivers_small_3
D:7:      layout_gridville, minmay_temple_entry_mist, serial_library,
          serial_library_hellmonk_room_a, serial_library_regret_index_multi,
          serial_library_regret_index_double_sided,
          serial_library_hellmonk_small_alcove,
          serial_library_hellmonk_layered_room,
          serial_library_hellmonk_hallway_a, serial_library_hellmonk_h_bend
D:8:      gammafunk_beogh_shrine, layout_basic, kennysheep_mini,
          kennysheep_just_a_vault, uniq_maurice
D:9:      layout_roguey, makhleb_altar_promises_db, uniq_grum
D:10:     layout_rooms, einodemon_armed_red_devil_minivault, uniq_harold,
          uniq_erolcha
Temple:   minmay_crystal_spiral_temple

Skill      XL: |  1  2  3  4  5  6  7  8  9 10 |
---------------+-------------------------------+-----
Axes           | 2 3 5 6 7 9 10 11 | 11.3
Shields        | 3 4 |  4.0
Armour         | 4 6 |  6.1
Invocations    | 4 6 |  6.1
Fighting       | 5 7 |  7.3

Action                     |  1- 3 |  4- 6 |  7- 9 | 10-12 || total
---------------------------+-------+-------+-------+-------++-------
  Melee: War axe           |   130 |   227 |   373 |   200 ||   930
  Throw: Dart              |       |       |     5 |       ||     5
  Evoke: Wand              |       |     2 |       |     3 ||     5
    Use: Scroll            |       |       |    10 |     1 ||    11
         Potion            |       |       |       |     2 ||     2
 Armour: Scale mail        |    16 |       |       |       ||    16
         Chain mail        |   102 |   194 |    91 |       ||   387
         Plate armour      |       |       |   286 |   190 ||   476
  Dodge: Dodged            |    61 |    93 |   153 |    77 ||   384
  Block: Buckler           |    27 |    53 |    77 |    57 ||   214

Table legend: (Time is in decaauts)
 A = Elapsed time spent in this place.
 B = Non-inter-level travel time spent in this place.
 C = Inter-level travel time spent in this place.
 D = Time resting spent in this place.
 E = Time spent auto-exploring this place.
 F = Levels seen in this place.
 G = Mean time per level.
                   A        B        C        D        E       F      G
               +--------+--------+--------+--------+--------+-----+--------+
         Total |  15406 |  14350 |   1056 |   5363 |   6442 |  11 | 1400.5 |
       Dungeon |  15265 |  14347 |    918 |   5363 |   6442 |  10 | 1526.5 |
        Temple |    140 |      2 |    138 |      0 |      0 |   1 |  140.0 |
               +--------+--------+--------+--------+--------+-----+--------+

Top non-repeatable levels by time:
     D:8: 3042 daAuts
     D:9: 2780 daAuts
     D:7: 2031 daAuts
     D:4: 1626 daAuts
     D:6: 1456 daAuts
     D:1: 1218 daAuts
     D:5: 1120 daAuts
     D:3: 1078 daAuts
     D:2: 851 daAuts
  Temple: 140 daAuts
    D:10: 59 daAuts
